 Dungeon Crawl Stone Soup version 0.26.1-2-gb8aa6d0cf2 (webtiles) character file.

Game seed: 13529981077833107874

569 Groucho the Covert (level 7, -2/29 (32) HPs)
             Began as a Spriggan Enchanter on Feb 17, 2021.
             Slain by a wight
             ... wielding a cursed +0 flail
              (8 damage)
             ... on level 5 of the Dungeon.
             The game lasted 00:07:52 (6939 turns).

Groucho the Covert (Spriggan Enchanter)             Turns: 6939, Time: 00:07:52

HP:   -2/29 (32)    AC:  2    Str:  5    XL:     7   Next: 11%
MP:   2/14          EV: 18    Int: 17    God:
Gold: 116           SH:  0    Dex: 17    Spells: 5/14 levels left

rFire    . . .     SeeInvis +   i - +3 short sword (venom)
rCold    . . .     Faith    .   (shield restricted)
rNeg     . . .     Spirit   .   b - +0 robe
rPois    .         Reflect  .   (helmet restricted)
rElec    .         Harm     .   (no cloak)
rCorr    .         Rampage  .   (gloves unavailable)
Will     +....                  (boots unavailable)
Stlth    +++++.....             (no amulet)
HPRegen  0.09/turn              (no ring)
MPRegen  0.14/turn              (no ring)

@: drained, very quick
A: very small, unfitting armour, see invisible, speed 3
a: no special abilities


You were on level 5 of the Dungeon.
You visited 1 branch of the dungeon, and saw 5 of its levels.

You collected 116 gold pieces.

Inventory:

Hand Weapons
 a - a +1 dagger
 i - a +3 short sword of venom (weapon)
Missiles
 k - 7 boomerangs (quivered)
Armour
 b - a +0 robe (worn)
Scrolls
 d - 2 scrolls of identify {unknown}
 e - 2 scrolls of fog {unknown}
 h - 2 scrolls of teleportation {unknown}
 j - a scroll of remove curse {unknown}
 l - a scroll of amnesia {unknown}
Potions
 c - a potion of degeneration {unknown}
 f - a potion of lignification {unknown}


   Skills:
 - Level 1.1 Short Blades
 - Level 3.0 Dodging
 * Level 10.9 Stealth
 + Level 4.2 Spellcasting
 + Level 4.9 Hexes


You had 5 spell levels left.
You knew the following spells:

 Your Spells              Type           Power        Failure   Level
a - Corona                Hex            22%          1%          1
b - Ensorcelled Hibernat  Hex/Ice        24%          9%          2
c - Confusing Touch       Hex            20%          6%          3
d - Tukima's Dance        Hex            20%          6%          3

Your spell library contained the following spells:

 Spells                   Type           Power        Failure   Level
 Dazzling Flash           Conj/Hex       24%          17%         3
 Gell's Gravitas          Tloc           1%           43%         3
 Petrify                  Tmut/Erth      3%           83%         4
 Metabolic Englaciation   Hex/Ice        6%           83%         5
 Yara's Violent Unravell  Hex/Tmut       6%           83%         5


Dungeon Overview and Level Annotations

Branches:
Dungeon (5/15)
 Temple: D:4-7

Altars:


Innate Abilities, Weirdness & Mutations

You are very small and have problems with some larger weapons.
You are too small for most types of armour.
You have supernaturally acute eyesight. (SInv)
You cover ground extremely quickly.


Message History

You hit the wight but do no damage.
The wight appears confused.
The wight is lightly damaged.
You are too injured to fight recklessly!
You are too injured to fight recklessly!
You are too injured to fight recklessly!
You are too injured to fight recklessly!
You hit the wight.
The wight is lightly damaged.
The wight seems less confused.
The wight hits you with a cursed +0 flail!
* * * LOW HITPOINT WARNING * * *
You feel drained.
* * * LOW HITPOINT WARNING * * *
The wight hits the wight but does no damage.
The wight barely misses you.
Unknown command.
You barely miss the wight.
The wight is lightly damaged.
The wight hits you with a cursed +0 flail!
You die...

#..... ....#
.
#...#######.
#..........
#.......#
#.......#
#.z.....#
#.@z<...#
##.######
#.# #.# #.#
... ..# ..#


You could see 2 wights.

Vanquished Creatures
  An ogre (D:4)
  A centaur (D:4)
  A wight (D:5)
  A gnoll shaman (D:4)
  4 orc wizards
  Jessica (D:2)
  A worker ant (D:4)
  A gnoll (D:4)
  9 adders
  An ooze (D:2)
  4 worms (D:2)
  A dart slug (D:2)
  2 leopard geckos
  14 orcs
  2 giant cockroaches (D:3)
  4 hobgoblins
  3 kobolds
  3 quokkas
  A ball python (D:3)
  3 bats
  4 frilled lizards
  4 goblins
  4 rats
70 creatures vanquished.

Vanquished Creatures (others)
  5 plants (D:2)
5 creatures vanquished.

Grand Total: 75 creatures vanquished

Notes
Turn   | Place    | Note
-------+----------+-------------------------------------------
     0 | D:1      | Groucho the Spriggan Enchanter began the quest for the Orb.
     0 | D:1      | Reached XP level 1. HP: 9/9 MP: 5/5
    55 | D:1      | You fall into a shaft and drop 1 floor!
    89 | D:2      | Reached skill level 5 in Stealth
   177 | D:2      | Reached XP level 2. HP: 6/13 MP: 6/6
   191 | D:2      | Learned a level 2 spell: Ensorcelled Hibernation
   696 | D:2      | Reached skill level 6 in Stealth
  1260 | D:2      | Noticed Jessica
  1266 | D:2      | Killed Jessica
  1267 | D:2      | Reached skill level 7 in Stealth
  1267 | D:2      | Reached XP level 3. HP: 16/16 MP: 2/8
  2009 | D:2      | Reached XP level 4. HP: 20/21 MP: 2/9
  2673 | D:2      | Reached skill level 8 in Stealth
  3993 | D:3      | Reached skill level 9 in Stealth
  3993 | D:3      | Reached XP level 5. HP: 24/24 MP: 10/10
  5052 | D:3      | Learned a level 3 spell: Confusing Touch
  5573 | D:4      | Noticed a centaur
  5580 | D:4      | Killed a centaur
  5581 | D:4      | Reached skill level 10 in Stealth
  5581 | D:4      | Reached XP level 6. HP: 28/28 MP: 10/12
  6873 | D:4      | Reached XP level 7. HP: 32/32 MP: 10/14
  6896 | D:4      | Learned a level 3 spell: Tukima's Dance
  6915 | D:5      | Entered Level 5 of the Dungeon
  6939 | D:5      | Slain by a wight

Illustrated notes

Levels and vault maps discovered:
D:1:      amcnicky_arrival_underground_garden, layout_basic
D:2:      layout_loops_corners, serial_forest, infiniplex_forest_split,
          infiniplex_forest_end_2, infiniplex_forest_clump_medium,
          infiniplex_forest_lined_3, infiniplex_forest_side_room,
          infiniplex_forest_clump_diagonal, uniq_jessica
D:3:      layout_loops_ring
D:4:      layout_basic, uniq_natasha
D:5:      layout_basic, temple_hall, zaba_anthole, minmay_gold_behind_fungi

Skill      XL: |  1  2  3  4  5  6 |
---------------+-------------------+-----
Stealth        | 5 7 9 10 | 10.9
Spellcasting   | 3 4 |  4.2
Hexes          | 4 |  4.9
Short Blades   | |  1.1
Dodging        | |  3.0

Action                   |  1- 3 |  4- 6 |  7- 9 || total
-------------------------+-------+-------+-------++-------
Melee: Dagger            |    46 |    26 |       ||    72
       Short sword       |       |   102 |    16 ||   118
Throw: Boomerang         |       |    10 |       ||    10
 Cast: Ensorcelled Hiber |    13 |    10 |       ||    23
       Confusing Touch   |       |     1 |     3 ||     4
       Tukima's Dance    |       |       |     2 ||     2
  Use: Potion            |       |     1 |     1 ||     2
 Stab: Sleeping          |    11 |    19 |     1 ||    31
       Distracted        |       |     1 |       ||     1
       Confused          |       |       |     1 ||     1
Armor: Robe              |     6 |     9 |       ||    15
Dodge: Dodged            |    37 |    84 |    10 ||   131
